 Dungeon Crawl Stone Soup version 0.21.1-1-g345015fe64 (webtiles) character file.

223 RaHiT the Ducker (level 5, -9/27 HPs)
             Began as a Spriggan Gladiator on Mar 27, 2018.
             Killed by nerve-wracking pain
             ... invoked by Jessica
              (11 damage)
             ... on level 3 of the Dungeon.
             The game lasted 00:08:42 (1847 turns).

RaHiT the Ducker (Spriggan Gladiator)               Turns: 1847, Time: 00:08:42

Health: -9/27      AC:  2    Str: 10      XL:     5   Next: 66%
Magic:  6/6        EV: 22    Int:  9 (10) God:
Gold:   112        SH:  0    Dex: 15 (18) Spells: 4/4 levels left

rFire    . . .     SeeInvis +   a - +0 quarterstaff
rCold    . . .     Gourm    .   (shield currently unavailable)
rNeg     . . .     Faith    .   b - +0 robe
rPois    .         Spirit   .   c - +0 hat
rElec    .         Reflect  .   (no cloak)
rCorr    .         Harm     .   (gloves unavailable)
MR       .....                  (boots unavailable)
Stlth    +.........             (no amulet)
HPRegen  0.09/turn              (no ring)
MPRegen  0.10/turn              (no ring)

@: very quick
A: very small, unfitting armour, see invisible, herbivore, speed 3, slow
metabolism 2
a: no special abilities


You were on level 3 of the Dungeon.
You were not hungry.

You visited 1 branch of the dungeon, and saw 3 of its levels.

You collected 112 gold pieces.

Inventory:

Hand Weapons
 a - a +0 quarterstaff (weapon)
Missiles
 d - 3 throwing nets (quivered)
 g - 16 poisoned needles
Armour
 b - a +0 robe (worn)
 c - a +0 hat (worn)
Scrolls
 e - a scroll of fear
 h - 2 scrolls of teleportation
 i - a scroll of fog {unknown}
 k - a scroll of blinking {unknown}
 n - 2 scrolls of enchant armour {unknown}
 p - a scroll of magic mapping {unknown}
 q - a scroll of amnesia {unknown}
Potions
 l - a potion of flight {unknown}
 m - a potion of mutation {unknown}
 o - a potion of heal wounds {unknown}
Comestibles
 f - 6 rations


   Skills:
 + Level 2.5 Fighting
 + Level 3.1 Staves
 - Level 2.0 Throwing
 * Level 7.4 Dodging


You had 4 spell levels left.
You didn't know any spells.

Dungeon Overview and Level Annotations

Branches:
Dungeon (3/15)

Altars:
Xom

Annotations:
D:3 Jessica


Innate Abilities, Weirdness & Mutations

You are very small and have problems with some larger weapons.
You are too small for most types of armour.
You have supernaturally acute eyesight. (SInv)
You are a herbivore.
You cover ground extremely quickly.
You need consume almost no food.


Message History

The puff of flame hits you!
It is a wand of flame (19).
You closely miss the bat.
The bat is severely wounded.
The bat hits you.
Jessica looks very angry.
Jessica completely misses you.
You hit Jessica but do no damage.
Jessica is heavily wounded.
Jessica zaps a wand.
The puff of flame misses you.
You hit Jessica.
Jessica is severely wounded.
Jessica completely misses you.
Jessica points at you and mumbles some strange words.
Pain shoots through your body!
Ouch! That really hurt!
* * * LOW HITPOINT WARNING * * *
It was a potion of cancellation.
You feel magically purged.
Jessica points at you and mumbles some strange words.
Pain shoots through your body!
You die...

......#.##.#.##.#
..#...##.#.#.#.## ...
....####.#.#.#.# ...
#.####.##..#..## ....
..###..###.#.##.# ...(.
.###..##........# #.....
............######......
.####.....### #.@b.....
.###..##### ##@# .##...#
#).# .#..###########<##
....# ##...))...#
###.###..######## #
#..##.## ###.....#
+.....### ###..######...


You could see Jessica and a bat.

Vanquished Creatures
  A crimson imp (D:2)
  An orc priest (D:3)
  3 gnolls (D:2)
  4 adders
  An ooze (D:3)
  2 worms
  A dart slug (D:2)
  2 leopard geckos
  13 orcs (D:3)
  2 ball pythons (D:2)
  6 bats
  9 giant cockroaches
  3 goblins
  2 hobgoblins
  4 jackals (D:3)
  8 kobolds
  A quokka (D:2)
  4 frilled lizards
  5 rats
72 creatures vanquished.

Notes
Turn   | Place    | Note
-------+----------+-------------------------------------------
     0 | D:1      | RaHiT the Spriggan Gladiator began the quest for the Orb.
     0 | D:1      | Reached XP level 1. HP: 10/10 MP: 2/2
   201 | D:1      | Reached XP level 2. HP: 11/15 MP: 3/3
   289 | D:1      | Reached skill level 5 in Dodging
   650 | D:2      | Noticed a crimson imp
   654 | D:2      | Reached XP level 3. HP: 18/18 MP: 4/4
   693 | D:2      | Reached skill level 6 in Dodging
   730 | D:2      | Reached XP level 4. HP: 23/23 MP: 5/5
  1164 | D:3      | Reached XP level 5. HP: 26/26 MP: 6/6
  1478 | D:3      | Reached skill level 7 in Dodging
  1648 | D:3      | Found a shimmering altar of Xom.
  1674 | D:3      | Noticed Jessica
  1847 | D:3      | Killed from afar by Jessica

Skill      XL: |  1  2  3  4  5 |
---------------+----------------+-----
Dodging        | 5 6 7 |  7.4
Fighting       | 2 |  2.5
Staves         | 3 |  3.1
Throwing       | |  2.0

Action                   |  1- 3 |  4- 6 || total
-------------------------+-------+-------++-------
Melee: Quarterstaff      |    90 |   202 ||   292
Throw: Throwing net      |     1 |       ||     1
       Tomahawk          |       |     1 ||     1
  Use: Potion            |       |     4 ||     4
       Scroll            |       |     3 ||     3
 Stab: Sleeping          |     2 |       ||     2
Armor: Robe              |     6 |     9 ||    15
Dodge: Dodged            |    78 |   217 ||   295
